 Dungeon Crawl Stone Soup version 0.17.0-24-gcfadda4 (webtiles) character file.

184 Ohshi the Conjurer (level 5, 0/28 HPs)
             Began as a Deep Elf Conjurer on Nov 17, 2015.
             Slain by an orc wizard
             ... wielding a +0 dagger
              (3 damage)
             ... on level 4 of the Dungeon.
             The game lasted 00:10:32 (3288 turns).

Ohshi the Conjurer (Deep Elf Conjurer)              Turns: 3288, Time: 00:10:32

Health: 0/28       AC:  3    Str:  5    XL:     5   Next: 36%
Magic:  5/14       EV: 13    Int: 21    God:
Gold:   172        SH:  0    Dex: 15    Spells: 2 memorised, 10 levels left

rFire  . . .     SeeInvis .     (no weapon)
rCold  . . .     Clarity  .     a - +0 robe
rNeg   . . .     SustAt   .     (no shield)
rPois  .         Gourm    .     (no helmet)
rElec  .         Spirit   .     (no cloak)
rCorr  .         Warding  .     f - +0 pair of gloves
rMut   .         Stasis   .     (no boots)
MR     .....                    (no amulet)
Stlth  ++........               (no ring)
                                (no ring)

@: not resistant to hostile enchantments, unstealthy
A: no striking features
a: no special abilities


You were on level 4 of the Dungeon.
You were very full.

You visited 1 branch of the dungeon, and saw 4 of its levels.

You collected 172 gold pieces.

Inventory:

Hand Weapons
 r - a +2 dagger of speed
Armour
 a - a +0 robe (worn)
 f - a +0 pair of gloves (worn)
Jewellery
 i - an uncursed ring of see invisible {unknown}
Scrolls
 d - a scroll of teleportation {unknown}
 e - 5 scrolls of identify {unknown}
 g - 3 scrolls of enchant armour {unknown}
 k - 4 scrolls of remove curse {unknown}
 m - 3 scrolls of fear {unknown}
 p - a scroll of fog {unknown}
 s - 4 scrolls of immolation {unknown}
 t - a scroll of random uselessness {unknown}
Potions
 h - 2 potions of haste {unknown}
 l - a potion of flight {unknown}
 n - 2 potions of magic {unknown}
 o - a potion of curing {unknown}
Books
 b - a book of Conjurations

   Spells                             Type                      Level
   a - Magic Dart                     Conjuration                  1
   b - Searing Ray                    Conjuration                  2
   c - Dazzling Spray                 Conjuration/Hexes            3
   d - Fulminant Prism                Conjuration/Hexes            4
   e - Iskenderun's Mystic Blast      Conjuration                  4
   f - Iskenderun's Battlesphere      Conjuration/Charms           5
Comestibles
 c - a bread ration
 j - 4 meat rations
 q - a beef jerky


   Skills:
 + Level 2.8 Dodging
 + Level 2.7 Stealth
 + Level 4.8 Spellcasting
 + Level 6.3 Conjurations


You had 10 spell levels left.
You knew the following spells:

 Your Spells              Type           Power        Failure   Level  Hunger
a - Magic Dart            Conj           ####         1%          1    None
b - Searing Ray           Conj           ####..       1%          2    None


Dungeon Overview and Level Annotations

Branches:
Dungeon (4/15)
 Temple: D:4-7

Altars:
Trog


Message History

The ooze is severely wounded.
The searing ray misses the gnoll.
The searing ray hits the gnoll.
You kill the gnoll!
The ooze misses you. Something hits you but does no damage.
Casting: Searing Ray
Confirm with . or Enter, or press ? or * to list all spells.
Aiming: Magic Dart
Press: ? - help, Shift-Dir - straight line, f/p - ooze
Aim: an ooze (severely wounded)
The magic dart hits the ooze.
The ooze is almost dead.
You hear some strange, mumbled words.
A puff of flame appears from out of thin air!
The puff of flame hits you!
* * * LOW HITPOINT WARNING * * *
The ooze hits you.
* * * LOW HITPOINT WARNING * * *
Something hits you.
You die...

.##..............
#....##....#.....
.##...J..##.....
###....# ###..
#############...####
.#
#....................
#.........)....######
#........†####.#
#......@J.# #.#
########### #.# ###


You could see an ooze.

Vanquished Creatures
  An orc wizard (D:4)
  2 worker ants (D:4)
  2 adders (D:3)
  2 gnolls
  An ooze (D:3)
  A worm (D:2)
  2 giant geckos
  A ball python (D:2)
  9 bats
  3 giant cockroaches
  13 goblins
  6 hobgoblins
  6 jackals
  5 kobolds
  A quokka (D:2)
  3 giant newts
  11 rats
69 creatures vanquished.

Notes
Turn   | Place    | Note
--------------------------------------------------------------
     0 | D:1      | Ohshi the Deep Elf Conjurer began the quest for the Orb.
     0 | D:1      | Reached XP level 1. HP: 10/10 MP: 6/6
   601 | D:1      | Reached XP level 2. HP: 15/15 MP: 6/8
  1046 | D:2      | Reached skill level 5 in Conjurations
  1145 | D:2      | Learned a level 2 spell: Searing Ray
  1271 | D:2      | Reached XP level 3. HP: 19/19 MP: 6/9
  2108 | D:3      | Found a bloodstained altar of Trog.
  2108 | D:3      | Noticed an eye of draining
  2108 | D:3      | Noticed an eye of draining
  2188 | D:3      | Noticed an eye of draining
  2328 | D:3      | Reached XP level 4. HP: 24/24 MP: 5/11
  3165 | D:4      | Reached skill level 6 in Conjurations
  3165 | D:4      | Reached XP level 5. HP: 26/28 MP: 2/13
  3288 | D:4      | Slain by an orc wizard

Action                   |  1- 3 |  4- 6 || total
-------------------------+-------+-------++-------
Melee: Unarmed           |    12 |       ||    12
 Cast: Magic Dart        |    97 |    37 ||   134
       Searing Ray       |     2 |     2 ||     4
  Eat: Bread ration      |     1 |     2 ||     3
